Workbook

Sheet Акт
A1: АКТ № 77/12-2017
A2: приемки оказанных услуг и (или) выполненных работ по содержанию и текущему ремонту общего имущества в многоквартирном доме № 12 квартала 77.
A3: г. Ангарск | D3: "31" марта 2018 г.
A5: Наименование вида работы (услуги) | B5: Периодичность/ количественный показатель выполненной работы (оказанной услуги) | C5: Единица измерения работы (услуги) | D5: Стоимость /сметная стоимость выполненной работы (оказанной услуги) за единицу | E5: Цена выполненной работы (оказанной услуги), в рублях
A6: Аварийное обслуживание
A7: Аварийное обслуживание | B7: Ежедневно | C7: руб. | D7: =E7 -> 4597.79 | E7: 4597.79
A8: Благоустройство
A9: Выкашивание газонов | B9: 400 | C9: м2 | D9: =E9/B9 -> 3.95 | E9: 1580
A10: Омоложение одиночных кустарников | B10: 0.06 | C10: 10 шт. | D10: =E10/B10 -> 32630 | E10: 1957.8
A11: Разделка древесины мягких пород, полученной от валки леса, диам. стволов:более 32 см | B11: 0.06 | C11: 100 шт. | D11: =E11/B11 -> 33331.5 | E11: 1999.89
A12: Формовочная обрезка деревьев высотой: более 5 м | B12: 8 | C12: 1 дерево | D12: =E12/B12 -> 2292.9325 | E12: 18343.46
A13: Вывоз и утилизация ТКО, в т.ч. крупногабаритного мусора
A14: Услуги по вывозу и утилизации ТБО, в т.ч. крупногабаритного мусора | B14: Ежедневно | C14: руб. | D14: =E14 -> 70735.2 | E14: 70735.2
A15: Коммунальные ресурсы на содержание общ. имущества МКД
A16: ГВС на содержание общ. имущества | B16: По факту | C16: руб. | D16: =E16 -> 3599.01 | E16: 3599.01
A17: Отведение сточных вод на содержание общ. имущества | B17: По нормативу | C17: руб. | D17: =E17 -> 1949.58 | E17: 1949.58
A18: ХВС на содержание общ. имущества | B18: По нормативу | C18: руб. | D18: =E18 -> 1647.23 | E18: 1647.23
A19: Электрическая энергия на содержание общ. имущества | B19: По факту | C19: руб. | D19: =E19 -> 3252.15 | E19: 3252.15
A20: Обслуживание и текущий ремонт электрооборудования жилых домов
A21: Обслуживание и текущий ремонт электрооборудования жилых домов | B21: По факту | C21: руб. | D21: =E21 -> 10066.36 | E21: 10066.36
A22: Обслуживание инженерного оборудования
A23: Временная заделка свищей и трещин на внутренних трубопроводах и стояках. | B23: 2 | C23: 1 место | D23: =E23/B23 -> 176.44 | E23: 352.88
A24: Демонтаж-монтаж смывного бачка типа "Компакт" | B24: 0.02 | C24: шт | D24: =E24/B24 -> 2994.5 | E24: 59.89
A25: Запуск потока воды: отопление, ГВС | B25: 2 | C25: 1 узел | D25: =E25/B25 -> 72.59 | E25: 145.18
A26: Запуск системы отопления. | B26: 1 | C26: 1 здание | D26: =E26/B26 -> 796.94 | E26: 796.94
A27: Ликвидация воздушных пробок в системе отопления, в стояке | B27: 7 | C27: 1 стояк | D27: =E27/B27 -> 438.25857 | E27: 3067.81
A28: Опрессовка ТУ диаметром: до 100 мм | B28: 0.09 | C28: 100 м | D28: =E28/B28 -> 3540.7778 | E28: 318.67
A29: Осмотр СТО | B29: 0.15 | C29: 100 квартир | D29: =E29/B29 -> 22125.533 | E29: 3318.83
A30: Осмотр СТО в чердачных и подвальных помещениях (весенний и осенний) | B30: 2.12 | C30: 1000 м2 | D30: =E30/B30 -> 1386.5142 | E30: 2939.41
A31: Осмотр, РХВ замеры | B31: 0.03 | C31: 100 шт. | D31: =E31/B31 -> 22486 | E31: 674.58
A32: Отключение системы отопления (консервация) - прим. | B32: 1 | C32: 1 здание | D32: =E32/B32 -> 384.58 | E32: 384.58
A33: Очистка канализационной сети: внутренней | B33: 0.06 | C33: 100 м | D33: =E33/B33 -> 13612.667 | E33: 816.76
A34: Перевод отопления с подачи на обратку или с обратки на подачу | B34: 5 | C34: узел | D34: =E34/B34 -> 151.42 | E34: 757.1
... A44: Устранение течи из гибких подводок присоединения санитарных приборов | B44: 1 | C44: 1 соединение | D44: =E44/B44 -> 96.72 | E44: 96.72
A45: Обслуживание конструктивных элементов
A46: Осмотр квартир | B46: 0.03 | C46: 100 квартир | D46: =E46/B46 -> 25196.333 | E46: 755.89
A47: Осмотр кровли, чердака, люков | B47: 0.17 | C47: 1000 м2 | D47: =E47/B47 -> 1825.4706 | E47: 310.33
A48: Осмотр кровли, чердака, подъездов, подвального помещения - весенний осмотр | B48: 1.566 | C48: 1000 м2 | D48: =E48/B48 -> 1641.5709 | E48: 2570.7
A49: Осмотр кровли, чердака, подъездов, подвального помещения -подготовка к зиме | B49: 1.209 | C49: 1000 м2 | D49: =E49/B49 -> 1568.9082 | E49: 1896.81
A50: Очистка желобов от мусора: вручную (при расчете 1 кг. мусора = 3 м 1 желоба) | B50: 50 | C50: м | D50: =E50/B50 -> 41.4834 | E50: 2074.17
A51: Очистка канализационного стояка от наледи | B51: 1 | C51: 1 стояк | D51: =E51/B51 -> 141.58 | E51: 141.58
A52: Очистка кровли от снега, сбивание сосулей | B52: 20 | C52: 1 м 2 основания | D52: =E52/B52 -> 45.428 | E52: 908.56
A53: Проверка исправности вент. каналов, правильного расположения оголовков относ. крыши и наличия тяги | B53: 2.886 | C53: 1000 м2 | D53: =E53/B53 -> 2058.8808 | E53: 5941.93
A54: Смена дверных приборов: пружин | B54: 0.01 | C54: 100 приборов | D54: =E54/B54 -> 31735 | E54: 317.35
A55: Смена стекол толщиной 2-3 мм на штапиках по замазке: в деревянных переплетах при S проема до 1 м2 | B55: 0.006 | C55: 100 м2 | D55: =E55/B55 -> 108881.67 | E55: 653.29
A56: Обслуживание ОДПУ
A57: Техническое обслуживание ОДПУ | B57: Ежемесячно | C57: руб. | D57: =E57/12 -> 1800 | E57: 21600
A58: Расходы на истребование задолженности по оплате жилых помещений
A59: Истребование дебиторской задолженности | B59: По факту | C59: руб. | D59: =E59 -> 1270.43 | E59: 1270.43
A60: Текущий ремонт инженерного оборудования
A61: Изоляция трубопровода матами с совмещенным покрывным слоем | B61: 0.15 | C61: 1 м3 | D61: =E61/B61 -> 20526.267 | E61: 3078.94
A62: Очистка фильтра от накипи (отложений) | B62: 2 | C62: шт | D62: =E62/B62 -> 936.9 | E62: 1873.8
A63: Прокладка трубопроводов канализационных из полиэтиленовых труб высокой плотности: 110 мм | B63: 0.062 | C63: 100 м | D63: =E63/B63 -> 53944.355 | E63: 3344.55
A64: Разборка трубопровода из чугунных канализационных труб. | B64: 0.062 | C64: 100 м | D64: =E64/B64 -> 33188.226 | E64: 2057.67
A65: Регулировка КОРАЛЛа накидной гайкой, проверка работоспособности | B65: 2 | C65: шт | D65: =E65/B65 -> 368.445 | E65: 736.89
A66: Смена отдельных участков трубопроводов из полиэтиленовых труб высокой плотности: диам. 100 мм | B66: 2 | C66: 1 участок | D66: =E66/B66 -> 1597.79 | E66: 3195.58
A67: Текущий ремонт конструктивных элементов жилых зданий
A68: Демонтаж-монтаж частей канализационных вытяжек | B68: 0.034 | C68: 100 м | D68: =E68/B68 -> 32341.765 | E68: 1099.62
A69: Ремонт и восстановление герметизации дверных и оконных проемов монтажной пеной | B69: 0.075 | C69: 100 м | D69: =E69/B69 -> 25763.333 | E69: 1932.25
A70: Ремонт отдельных мест скатной кровли (материалом Унифлекс) | B70: 1.5 | C70: м2 | D70: =E70/B70 -> 350.39333 | E70: 525.59
A71: Снятие оконных переплетов: остекленных | B71: 0.015 | C71: 100 м2 | D71: =E71/B71 -> 20233.333 | E71: 303.5
A72: Улучшенная окраска масляными составами по дереву: доски объявлений | B72: 0.006 | C72: 100 м2 | D72: =E72/B72 -> 29018.333 | E72: 174.11
A73: Установка досок объявлений с изготовлением | B73: 0.01 | C73: 100 шт. | D73: =E73/B73 -> 42805 | E73: 428.05
A74: Устройство окна с форточкой, двойное остекление, окраска | B74: 2 | C74: 1 рама | D74: =E74/B74 -> 5448.555 | E74: 10897.11
A75: Транспортные расходы
A76: Услуги а/вышки | B76: По факту | C76: руб. | D76: =E76 -> 6000 | E76: 6000
A77: Услуги автотранспорта | B77: По факту | C77: руб. | D77: =E77 -> 10750 | E77: 10750
A78: Уборка лестничных клеток
A79: Уборка л/клеток | B79: Еженедельно | C79: м2 | D79: =E79 -> 47746.26 | E79: 47746.26
A80: Уборка придомовой территории
A81: Уборка придомовой территории | B81: Еженедельно | C81: м2 | D81: =E81 -> 82052.83 | E81: 82052.83
A82: Уборка чердаков и подвалов
A83: Очистка чердаков и подвалов | B83: 660.6 | C83: м2 | D83: =E83/B83 -> 7.05 | E83: 4657.23
A84: Уборка чердаков и подвалов | B84: 657.9 | C84: м2 | D84: =E84/B84 -> 1.3599939 | E84: 894.74
A85: Услуги по управлению МКД
A86: Услуги по управлению МКД | B86: Ежедневно | C86: руб. | D86: =E86 -> 48460.3 | E86: 48460.3
A87: Итого: | E87: =SUM(E7:E86) -> 428876.8
A89: Всего за период с "01" января 2017 г. по "31"декабря 2017 г. выполнено работ (оказано услуг)
A90: на общую сумму 428 630,41 (Четыреста двадцать восемь тысяч шестьсот тридцать) рублей 41 коп.
A91: Работы (услуги) выполнены (оказаны) полностью, в установленные сроки, с надлежащим качеством.
A92: Претензий по выполнению условий Договора Стороны друг к другу не имеют.
A93: Настоящий Акт составлен в 2-х экземплярах, имеющих одинаковую юридическую силу,
A94: по одному для каждой из Сторон.
A96: Подписи Сторон:
A98: Исполнитель - Директор ООО "ЖЭУ № 6" Плотников А.А. | C98: __________________________
A99: (должность, ФИО) | C99: (подпись)
A101: Заказчик - ____________________________________________________ | C101: __________________________
A102: (ФИО) | C102: (подпись)

Sheet Бюджет
A1: Отчет по бюджету №77/12-2017
A3: Период: с 01.01.2017 по 31.12.2017 года.
A5: Строение / По типу работ | B5: Расходы | C5: Начисления | D5: Поступления
A6: Резерв на 01.01.2017 г. | B6: 51587.82
A7: Cодержание жилья | C7: 330687.12 | D7: 345136.75
A8: Аренда общего имущества МКД | C8: 7500 | D8: 9268.32
A9: Вознаграждение председателю совета дома | C9: 17682 | D9: 8708.62
A10: Вывоз и утилизация ТКО | C10: 70735.2 | D10: 81592.37
A11: ГВС на содержание общ. имущества | C11: 6258.24 | D11: 3335.38
A12: Обслуживание ВДГО | C12: 13793.4 | D12: 15027.9
A13: Обслуживание ОДПУ | C13: 21574.2 | D13: 13075.42
A14: Отведение сточных вод на содержание общ. им-ва | C14: 1949.58
A15: ХВС на содержание общ. имущества | C15: 1647.23 | D15: 1955.11
A16: Электрическая энергия на содержание общ. имущества | C16: 12776.09 | D16: 3423.16
A17: Аварийное обслуживание | B17: =Акт!E7 -> 4597.79
A18: Благоустройство | B18: =SUM(Акт!E9:E12) -> 23881.15
A19: Вывоз и утилизация ТКО, в т.ч. крупногабаритного мусора | B19: =Акт!E14 -> 70735.2
A20: Коммунальные ресурсы на содержание общ. имущества МКД | B20: =SUM(Акт!E16:E19) -> 10447.97
A21: Обслуживание и текущий ремонт электрооборудования жилых домов | B21: =Акт!E21 -> 10066.36
A22: Обслуживание инженерного оборудования | B22: =SUM(Акт!E23:E44) -> 40498.27
A23: Обслуживание конструктивных элементов | B23: =SUM(Акт!E46:E55) -> 15570.61
A24: Обслуживание ОДПУ | B24: =Акт!E57 -> 21600
A25: Расходы на истребование задолженности по оплате жилых помещений | B25: =Акт!E59 -> 1270.43
A26: Текущий ремонт инженерного оборудования | B26: =SUM(Акт!E61:E66) -> 14287.43
A27: Текущий ремонт конструктивных элементов жилых зданий | B27: =SUM(Акт!E68:E74) -> 15360.23
A28: Транспортные расходы | B28: =SUM(Акт!E76:E77) -> 16750
A29: Уборка лестничных клеток | B29: =Акт!E79 -> 47746.26
A30: Уборка придомовой территории | B30: =Акт!E81 -> 82052.83
A31: Уборка чердаков и подвалов | B31: =SUM(Акт!E83:E84) -> 5551.97
A32: Услуги по управлению МКД | B32: =Акт!E86 -> 48460.3
A33: Итого: | B33: =SUM(B7:B32) -> 428876.8 | C33: =SUM(C7:C32) -> 484603.06 | D33: =SUM(D7:D32) -> 481523.03
A34: Резерв (доходы за минусом расходов) на 01.01.2018 г. - 95 766,79 руб. | E34: =B6+D33-B33 -> 104234.05
A35: Задолженность по оплате за содержание и текущий ремонт на 01.01.2018 г. - 113 493,75 руб.
A37: Директор ООО "ЖЭУ №6" Плотников А.А. __________________
A38: Отчет составил: экономист Сундукова Ю.А. _______________
A39: Отчет получил: ________________________________________________________
A40: Дата __________________

Sheet 2018
A1: Отчет по бюджету № 77/12-2018
A3: Период: с 01.01.2018 по 31.12.2018 года.
A5: ОБЩИЕ СВЕДЕНИЯ ОБ ОБЪЕКТЕ
A6: Этажность | B6: 5 | C6: Общая жилая площадь, м2 | D6: 2947.3 | E6: Площадь кровли, м2 | F6: 961.9
A7: Количество подъездов | B7: 3 | C7: Площадь нежилых помещений, м2 | D7: 0 | E7: Площадь чердаков, м2 | F7: 657.9
A8: Количество квартир | B8: 60 | C8: Площадь л/ клеток, тамбуров, лифтов, м/камер, м2 | D8: 247.6 | E8: Площадь подвалов, м2 | F8: 660.6
A11: Наименование | F11: Значение
A12: Корректировка бюджета за 2017 год | F12: 8467.26
A13: Переходящие остатки денежных средств за выполненые работы (на начало периода; + резерв, - долг) | F13: =95766.79+F12 -> 104234.05
A14: Задолженность по оплате за содержание и текущий ремонт общего имущества МКД (на начало периода) | F14: 84873.84
A15: Начислено за работы (услуги) по содержанию и текущему ремонту и аренду общего имущества МКД, в том числе: | F15: =SUM(F16:F18) -> 482582.05
A16: - за жилые помещения | F16: =465530.37+9401.68 -> 474932.05
A17: - за нежилые помещения
A18: - за рекламу и аренду общего имущества МКД | F18: 7650
A19: Получено денежных средств, в т. ч: | F19: =SUM(F20:F22) -> 471824.99
A20: - за жилые помещения | F20: 464362.49
A21: - за нежилые помещения
A22: - за рекламу и аренду общего имущества МКД | F22: 7462.5
A23: Всего денежных средств с учетом остатков | F23: =F13+F19 -> 576059.04
A24: Выполненные работы (оказанные услуги) по содержанию общего имущества и текущему ремонту в отчетном периоде | F24: ='Акт (2)'!E90 -> 437222.7
A25: Переходящие остатки денежных средств за выполненые работы (на конец периода; + резерв, - долг) | F25: =F23-F24 -> 138836.34
A26: Задолженность по оплате за содержание и текущий ремонт общего имущества МКД (на конец периода) | F26: =F14+F15-F19 -> 95630.9
A28: Директор ООО "ТРЭК" Плотников А.А. __________________
A29: Отчет составил: экономист Осипова М.С. _______________
A30: Отчет получил: ________________________________________________________
A31: Дата __________________

Sheet Акт (2)
A1: АКТ № 77/12-2018
A2: приемки оказанных услуг и (или) выполненных работ по содержанию и текущему ремонту общего имущества в многоквартирном доме № 12 квартала 77.
A3: г. Ангарск | D3: "31" марта 2019 г.
A5: Наименование вида работы (услуги) | B5: Периодичность/ количественный показатель выполненной работы (оказанной услуги) | C5: Единица измерения работы (услуги) | D5: Стоимость /сметная стоимость выполненной работы (оказанной услуги) за единицу | E5: Цена выполненной работы (оказанной услуги), в рублях
A6: Аварийное обслуживание
A7: Аварийное обслуживание | B7: Ежедневно | C7: руб. | D7: =E7 -> 4597.79 | E7: 4597.79
A8: Благоустройство
A9: Завоз песка, ПГС, щебня, земли | B9: По факту | C9: руб. | D9: =E9 -> 4000 | E9: 4000
A10: Окраска известковыми составами: по кирпичу и бетону (бордюр. столбики, столбы) | B10: 0.212 | C10: 100 м2 | D10: =E10/B10 -> 4717.1226 | E10: 1000.03
A11: Окраска скамейки без спинки | B11: 1 | C11: шт | D11: =E11/B11 -> 324.4 | E11: 324.4
A12: Ремонт качели-балансир | B12: 1 | C12: шт | D12: =E12/B12 -> 842.06 | E12: 842.06
A13: Ремонт качели-маятник с окраской отремонтированных мест | B13: 1 | C13: шт | D13: =E13/B13 -> 808.65 | E13: 808.65
A14: Ремонт песочницы | B14: 1 | C14: шт | D14: =E14/B14 -> 793.5 | E14: 793.5
A15: Ремонт скамейки без спинки | B15: 1 | C15: шт | D15: =E15/B15 -> 713.21 | E15: 713.21
A16: Вознаграждение председателю совета дома
A17: Вознаграждение председателю совета дома 2018 год | B17: По факту | C17: руб. | D17: =E17 -> 15853.62 | E17: 15853.62
A18: Вознаграждение председателю совета дома 2017 год | B18: По факту | C18: руб. | D18: =E18 -> 16152.36 | E18: 16152.36
A19: Вывоз и утилизация ТКО, в т.ч. крупногабаритного мусора
A20: Вывоз и утилизация ТКО, в т.ч. крупногабаритный мусор | B20: Ежедневно | C20: руб. | D20: =E20 -> 70735.2 | E20: 70735.2
A21: Коммунальные ресурсы на содержание общ. имущества МКД
A22: Коммунальные ресурсы на содержание общего имущества МКД | B22: По факту | C22: руб. | D22: =E22 -> 11878.96 | E22: 11878.96
A23: Обслуживание газового оборудования
A24: Техобслуживание газового оборудования | B24: По договору | C24: 1 стояк | D24: =E24 -> 11281.13 | E24: 11281.13
A25: Обслуживание и текущий ремонт электрооборудования жилых домов
A26: Обслуживание и текущий ремонт электрооборудования жилых домов | B26: По плану | C26: руб. | D26: =E26 -> 7617.4 | E26: =371.74+7245.66 -> 7617.4
A27: Обслуживание инженерного оборудования
A28: Временная заделка свищей и трещин на внутренних трубопроводах и стояках. | B28: 1 | C28: 1 место | D28: =E28/B28 -> 228.93 | E28: 228.93
A29: Запуск потока воды: отопление, ГВС | B29: 1 | C29: 1 узел | D29: =E29/B29 -> 83.75 | E29: 83.75
A30: Запуск системы отопления. | B30: 1 | C30: 1 здание | D30: =E30/B30 -> 839.52 | E30: 839.52
A31: Ликвидация воздушных пробок в системе отопления, в стояке | B31: 4 | C31: 1 стояк | D31: =E31/B31 -> 469.5375 | E31: 1878.15
A32: Опрессовка ТУ диаметром: до 100 мм | B32: 0.09 | C32: 100 м | D32: =E32/B32 -> 6088.8889 | E32: 548
A33: Осмотр выпусков канализации (засоры, подпоры) прим. | B33: 2 | C33: 1 здание | D33: =E33/B33 -> 253.255 | E33: 506.51
A34: Осмотр СТО | B34: 0.09 | C34: 100 квартир | D34: =E34/B34 -> 25391.444 | E34: 2285.23
A35: Осмотр СТО в чердачных и подвальных помещениях (весенний и осенний) | B35: 2.222 | C35: 1000 м2 | D35: =E35/B35 -> 1681.1296 | E35: 3735.47
A36: Осмотр, замеры, опломбировка ПУ Т/У с представителем | B36: 0.01 | C36: 100 шт. | D36: =E36/B36 -> 25071 | E36: 250.71
A37: Отключение системы отопления (консервация) - прим. | B37: 1 | C37: 1 здание | D37: =E37/B37 -> 503.4 | E37: 503.4
A38: Очистка канализационного стояка от наледи | B38: 1 | C38: 1 стояк | D38: =E38/B38 -> 203.12 | E38: 203.12
A39: Очистка канализационной сети: внутренней | B39: 0.06 | C39: 100 м | D39: =E39/B39 -> 14702.833 | E39: 882.17
... A51: Устранение течи из гибких подводок присоединения санитарных приборов | B51: 1 | C51: 1 соединение | D51: =E51/B51 -> 122.01 | E51: 122.01
A52: Обслуживание конструктивных элементов
A53: Закрытие слуховых окон и люков выхода на кровлю | B53: 0.1 | C53: 10 шт. | D53: =E53/B53 -> 1994.4 | E53: 199.44
A54: Осмотр квартир | B54: 0.03 | C54: 100 квартир | D54: =E54/B54 -> 25529 | E54: 765.87
A55: Осмотр кровли, чердака, подъездов, подвального помещения -подготовка к зиме | B55: 1.564 | C55: 1000 м2 | D55: =E55/B55 -> 1651.3363 | E55: 2582.69
A56: Очистка кровли от снега, сбивание сосулей | B56: 1.5 | C56: 1 м 2 основания | D56: =E56/B56 -> 57.02 | E56: 85.53
A57: Плановые проверки вентиляционных каналов и оголовков | C57: м2 | D57: =E57 -> 8818.22 | E57: 8818.22
A58: Проверка исправности канализационных вытяжек (по жалобе) | B58: 0.2 | C58: 1000 м2 | D58: =E58/B58 -> 1834.65 | E58: 366.93
A59: Проверка наличия тяги в ДВ и вент. каналах | B59: 0.11 | C59: 1000 м2 | D59: =E59/B59 -> 1802.4545 | E59: 198.27
A60: Прочистка вентиляционных каналов | B60: 0.01 | C60: 100 м | D60: =E60/B60 -> 10607 | E60: 106.07
A61: Смена дверных приборов: пружин | B61: 0.01 | C61: 100 приборов | D61: =E61/B61 -> 32190 | E61: 321.9
A62: Обслуживание ОДПУ
A63: Техническое обслуживание ОДПУ | B63: По договору | C63: руб. | D63: =E63 -> 21600 | E63: 21600
A64: Расходы на истребование задолженности по оплате жилых помещений
A65: Истребование дебиторской задолженности | B65: По факту | C65: руб. | D65: =E65 -> 1526.44 | E65: 1526.44
A66: Текущий ремонт инженерного оборудования
A67: Замена трубопровода диаметром: 25 мм | B67: 3 | C67: м | D67: =E67/B67 -> 675.72 | E67: 2027.16
A68: Монтаж решеток на подвальные окна, приямки, загрузочные люки | B68: 0.02 | C68: т | D68: =E68/B68 -> 32064 | E68: 641.28
A69: Осмотр замеры рамок холодной воды | B69: 0.01 | C69: чел.-ч | D69: =E69/B69 -> 25297 | E69: 252.97
A70: Регулировка КОРАЛЛа накидной гайкой, проверка работоспособности | B70: 1 | C70: шт | D70: =E70/B70 -> 432.11 | E70: 432.11
A71: Устройство решетки из просечки без обрамления | B71: 1 | C71: шт | D71: =E71/B71 -> 1409.88 | E71: 1409.88
A72: Текущий ремонт конструктивных элементов жилых зданий
A73: Демонтаж-монтаж жалюзийных решеток | B73: 0.01 | C73: 100 шт. | D73: =E73/B73 -> 19404 | E73: 194.04
A74: Демонтаж-монтаж частей канализационных вытяжек | B74: 0.03 | C74: 100 м | D74: =E74/B74 -> 48373.667 | E74: 1451.21
A75: Железнение цементных покрытий | B75: 0.115 | C75: 100 м2 | D75: =E75/B75 -> 6488.3478 | E75: 746.16
A76: Корчевка пней вручную давностью рубки до трех лет. | B76: 1 | C76: шт | D76: =E76/B76 -> 1777.79 | E76: 1777.79
A77: Приготовление бетона (М50-М75) | B77: 0.012 | C77: 100 м3 | D77: =E77/B77 -> 385878.33 | E77: 4630.54
A78: Ремонт деревянных решеток | B78: 0.007 | C78: 100 м2 | D78: =E78/B78 -> 21400 | E78: 149.8
A79: Ремонт отмостки: бетонной | B79: 0.115 | C79: 100 м2 | D79: =E79/B79 -> 71998 | E79: 8279.77
A80: Устройство деревянной решетки на подъезное окно | B80: 16 | C80: шт | D80: =E80/B80 -> 1039.7906 | E80: 16636.65
A81: Транспортные расходы
A82: Услуги автотранспорта | B82: По факту | C82: руб. | D82: =E82 -> 2400 | E82: 2400
A83: Уборка лестничных клеток
A84: Уборка л/клеток | B84: По тарифу | C84: м2 | D84: =E84 -> 47746.26 | E84: 47746.26
A85: Уборка придомовой территории
A86: Уборка придомовой территории | B86: По тарифу | C86: м2 | D86: =E86 -> 82006.65 | E86: 82006.65
A87: Услуги по вывозу и утилизации листвы, веток, деревьев, скошенной травы , смета и др. | B87: По факту | C87: руб. | D87: =E87 -> 2264.59 | E87: 2264.59
A88: Услуги по управлению МКД
A89: Услуги по управлению МКД | B89: Ежедневно | C89: руб. | D89: =E89 -> 39747.518 | E89: =SUM(E7:E87)*10% -> 39747.518
A90: Итого: | E90: =SUM(E7:E89) -> 437222.7
A92: Всего за период с "01" января 2018 г. по "31"декабря 2018 г. выполнено работ (оказано услуг) на общую сумму 437 222.70 руб. (Четыреста тридцать семь тысяч двести двадцать два рубля 70 копеек)
A94: Работы (услуги) выполнены (оказаны) полностью, в установленные сроки, с надлежащим качеством.
A95: Претензий по выполнению условий Договора Стороны друг к другу не имеют.
A96: Настоящий Акт составлен в 2-х экземплярах, имеющих одинаковую юридическую силу, по одному для каждой из Сторон.
A100: Подписи Сторон:
A102: Исполнитель - Директор ООО "ТРЭК" Плотников А.А. | C102: __________________________
A103: (должность, ФИО) | C103: (подпись)
A105: Заказчик - ____________________________________________________ | C105: __________________________
A106: (ФИО) | C106: (подпись)

Sheet 2019
A1: Отчет по бюджету № 77/12-2019
A3: Период: с 01.01.2019 по 31.12.2019 года.
A5: ОБЩИЕ СВЕДЕНИЯ ОБ ОБЪЕКТЕ
A6: Этажность | B6: 5 | C6: Общая жилая площадь, м2 | D6: 2947.3 | E6: Площадь кровли, м2 | F6: 961.9
A7: Количество подъездов | B7: 3 | C7: Площадь нежилых помещений, м2 | D7: 0 | E7: Площадь чердаков, м2 | F7: 657.9
A8: Количество квартир | B8: 60 | C8: Площадь л/ клеток, тамбуров, лифтов, м/камер, м2 | D8: 247.6 | E8: Площадь подвалов, м2 | F8: 660.6
A11: Наименование | F11: Значение
A12: Переходящие остатки денежных средств за выполненые работы (на начало периода; + резерв, - долг) | F12: 138836.34
A13: Задолженность по оплате за содержание и текущий ремонт общего имущества МКД (на начало периода) | F13: 95630.9
A14: Начислено за работы (услуги) по содержанию и текущему ремонту и аренду общего имущества МКД, в том числе: | F14: =SUM(F15:F17) -> 472377.15
A15: - за жилые помещения | F15: =466679.04+1000-3536.89 -> 464142.15
A16: - за нежилые помещения
A17: - за рекламу и аренду общего имущества МКД | F17: 8235
A18: Получено денежных средств, в т. ч: | F18: =SUM(F19:F22) -> 2950059.5
A19: - за жилые помещения | F19: =1000+453444.44 -> 454444.44
A20: - за нежилые помещения
A21: - за рекламу и аренду общего имущества МКД | F21: 8760.25
A22: - субсидия | F22: 2486854.8
A23: Всего денежных средств с учетом остатков | F23: =F12+F18 -> 3088895.8
A24: Выполненные работы (оказанные услуги) по содержанию общего имущества и текущему ремонту в отчетном периоде | F24: =акт2019!E94 -> 451913.15
A25: Благоустройство дворовой территории | F25: 2486854.8
A26: Налог на прибыль (1%) | F26: 24868.54
A27: Переходящие остатки денежных средств за выполненые работы (на конец периода; + резерв, - долг) | F27: =F23-F24-F25-F26 -> 125259.34
A28: Задолженность по оплате за содержание и текущий ремонт общего имущества МКД (на конец периода) | F28: =F13+F14-F18+F22 -> 104803.36
A30: Директор ООО "ТРЭК" Плотников А.А. __________________
A31: Отчет составил: экономист Осипова М.С. _______________
A32: Отчет получил: ________________________________________________________
A33: Дата __________________

Sheet акт2019
A2: .
B3: АКТ № 77/12
B4: приемки оказанных услуг и (или) выполненных работ по содержанию
B5: и текущему ремонту общего имущества в многоквартирном доме
A6: г. Ангарск | E6: 31 марта 2020 г.
A8: Собственники помещений в многоквартином доме, расположенном по адресу: ________________________ , именуемые в дальнейшем "Заказчик", в лице ___________________________________________________________________________________,
A9: являющегося собственником квартиры № _____, находящейся в данном многоквартирном доме, действующего на основании протокола общего собрания собственников, с одной стороны, и управляющая компания ООО "ТРЭК", именуемая в дальнейшем
A10: "Исполнитель", в лице директора Плотникова А.А., действующего на основании Устава, с другой стороны, совместно именуемые "Стороны", составили настоящий акт о нижеследующем:
A11: 1. Исполнителем предъявлены к приемке следующие оказанные на основании договора управления многоквартирным домом или договора оказания услуг по содержанию и (или) выполнению работ по ремонту общего имущества в многоквартирном
A12: доме, либо договора подряда по выполнению работ по ремонту общего имущества в многоквартирном доме (указать нужное) № _______ от "____" ___________________ ______ г. (далее - "Договор") услуги и (или) выполненные работы по содержанию
A13: и текущему ремонту общего имущества в многоквартирном доме № _____, расположенном по адресу: ______________________:
A15: Наименование вида работы (услуги) | B15: Периодичность / количественный показатель выполненной работы (оказанной услуги) | C15: Единица измерения работы (услуги) | D15: Стоимость / сметная стоимость выполненной работы (оказанной услуги) за единицу | E15: Цена выполненной работы (оказанной услуги), в рублях
A16: Аварийное обслуживание
A17: Аварийное обслуживание | B17: Ежедневно | C17: руб. | D17: =E17 -> 4597.79 | E17: 4597.79
A18: Благоустройство и обеспечение санитарного состояния МКД и придомовой територии
A19: Завоз песка, ПГС, щебня, земли | B19: По факту | C19: ч | D19: =E19 -> 3000 | E19: 3000
A20: Обрезка деревьев высотой: более 5 м без формовки | B20: 1 | C20: 1 дерево | D20: =E20/B20 -> 957.44 | E20: 957.44
A21: Обрезка деревьев высотой: до 5 м | B21: 1 | C21: 1 дерево | D21: =E21/B21 -> 449.39 | E21: 449.39
A22: Разделка древесины мягких пород, полученной от валки леса, диам. стволов: до 16 см | B22: 0.15 | C22: 100 шт. | D22: =E22/B22 -> 4602.4 | E22: 690.36
A23: Уборка придомовой территории и лестничных клеток | B23: По тарифу | C23: м2 | D23: =E23 -> 141070.54 | E23: 141070.54
A24: Уборка чердаков и подвалов | B24: По тарифу | C24: м2 | D24: =E24 -> 2063.25 | E24: 2063.25
A25: Услуги спец.техники по благоустройству (очистка наледи, снега) | B25: По факту | C25: руб. | D25: =E25 -> 773.13 | E25: 773.13
A26: Вознаграждение председателю совета дома
A27: Вознаграждение председателю совета дома | B27: По факту | C27: руб. | D27: =E27 -> 17152.34 | E27: 17152.34
A28: Изготовление ключей
A29: Изготовление ключей | B29: По факту | C29: шт | D29: =E29 -> 600 | E29: 600
A30: Коммунальные ресурсы на содержание общ. имущества МКД
A31: Коммунальные ресурсы на содержание общего имущества МКД | B31: По факту | C31: руб. | D31: =E31 -> 8916.21 | E31: 8916.21
A32: Обслуживание газового оборудования
A33: Диагностирование газового оборудования | B33: По договору | C33: руб. | D33: =E33 -> 27000 | E33: 27000
A34: Техобслуживание газового оборудования | B34: По договору | C34: 16 стояков | D34: =E34 -> 7650 | E34: 7650
A35: Обслуживание и текущий ремонт инженерного оборудования
A36: Изоляция трубопровода матами с совмещенным покрывным слоем | B36: 0.103 | C36: 1 м3 | D36: =E36/B36 -> 21626.893 | E36: 2227.57
A37: Регулировка температуры отопления в ИТП вентилями | B37: 1 | C37: шт | D37: =E37/B37 -> 303.61 | E37: 303.61
A38: Смена внутренних трубопроводов из стальных труб д. до 15мм | B38: 0.023 | C38: 100 м | D38: =E38/B38 -> 48853.043 | E38: 1123.62
A39: Установка вентилей и клапанов обратных муфтовых д. до 15 мм (для предохр. клапана) | B39: 1 | C39: шт | D39: =E39/B39 -> 600.71 | E39: 600.71
A40: Запуск потока воды: отопление, ГВС | B40: 1 | C40: 1 узел | D40: =E40/B40 -> 91.38 | E40: 91.38
A41: Осмотр подвальных помещений и выпуска при подпоре | B41: 1 | C41: 1 осмотр | D41: =E41/B41 -> 551.32 | E41: 551.32
A42: Осмотр подъездов, подвального помещения чердачного помещения | B42: 0.1 | C42: 1000 м2 | D42: =E42/B42 -> 3642.3 | E42: 364.23
A43: Осмотр системы центрального отопления, устройств в чердачных и подвальных помещениях. | B43: 0.1 | C43: 1000 м2 | D43: =E43/B43 -> 1791.3 | E43: 179.13
A44: Осмотр СТО | B44: 0.09 | C44: 100 квартир | D44: =E44/B44 -> 27077.556 | E44: 2436.98
A45: Осмотр СТО в чердачных и подвальных помещениях (весенний и осенний) | B45: 1.805 | C45: 1000 м2 | D45: =E45/B45 -> 1821.2244 | E45: 3287.31
A46: Отключение системы отопления (консервация) - прим. | B46: 1 | C46: 1 здание | D46: =E46/B46 -> 549.39 | E46: 549.39
A47: Очистка канализационной сети: внутренней | B47: 0.58 | C47: 100 м | D47: =E47/B47 -> 15692.5 | E47: 9101.65
... A51: Подготовка элеваторного узла | B51: 1 | C51: шт | D51: =E51/B51 -> 7177.46 | E51: 7177.46
A52: Промывка выпусков канализации (устранение засора) | B52: По договору | C52: руб. | D52: =E52 -> 10120 | E52: 10120
A53: Промывка трубопровода системы отопления | B53: 10359 | C53: м3 | D53: 1.2219432 | E53: 12658.11
A54: Расконсервация системы отопления | B54: 1 | C54: 1 узел | D54: =E54/B54 -> 1679.59 | E54: 1679.59
A55: Ручная газовая резка круглой стали диаметром до 24 мм срезка замка, кронштейна , штырей | B55: 6 | C55: 10 шт. | D55: =E55/B55 -> 1267.1383 | E55: 7602.83
A56: Сдача ИТП представителю энергоснабжающей организации | B56: 1 | C56: 1 ИТП | D56: =E56/B56 -> 1295.32 | E56: 1295.32
A57: Сдача РХВ представителю водоканала, составление акта | B57: 1 | C57: 1 ИТП | D57: =E57/B57 -> 604.44 | E57: 604.44
A58: Снятие и запись замера в наряде (ИТП,РХВ) | B58: 36 | C58: 1 ИТП | D58: =E58/B58 -> 271.23972 | E58: 9764.63
A59: Уплотнение сгонов с применением льняной пряди или асбестового шнура (без разборки сгонов) | B59: 1 | C59: 1 соединение | D59: =E59/B59 -> 75.92 | E59: 75.92
A60: Обслуживание и текущий ремонт конструктивных элементов
A61: Заделка стыков соединений стояков (раструб-труба) | B61: 3 | C61: шт | D61: =E61/B61 -> 227.44667 | E61: 682.34
A62: Ремонт и восстановление герметизации дверных и оконных проемов | B62: 0.005 | C62: 100 м | D62: =E62/B62 -> 25236 | E62: 126.18
A63: Ремонт козырьков над подъездом (сварка) | B63: 0.031 | C63: 100 м2 | D63: =E63/B63 -> 53856.129 | E63: 1669.54
A64: Ремонт металлических ограждений. | B64: 1.05 | C64: м2 | D64: =E64/B64 -> 2582.9714 | E64: 2712.12
A65: Ремонт отдельных мест скатной кровли (материалом Ризолит) | B65: 2.52 | C65: м2 | D65: =E65/B65 -> 361.49206 | E65: 910.96
A66: Ремонт штукатурки лестничных маршей и площадок. | B66: 0.003 | C66: 100 м2 | D66: =E66/B66 -> 166960 | E66: 500.88
A67: Смена дверных приборов: ручки-скобы | B67: 0.08 | C67: 100 приборов | D67: =E67/B67 -> 22233 | E67: 1778.64
A68: М. Ремонт оконных переплетов (пристрожка, установка угольников, укрепление) | B68: 5 | C68: 1 створка | D68: =E68/B68 -> 382.71 | E68: 1913.55
A69: Осмотр квартир | B69: 0.01 | C69: 100 квартир | D69: =E69/B69 -> 27987 | E69: 279.87
A70: Осмотр кровли, чердака, подъездов, подвального помещения - весенний осмотр | B70: 0.905 | C70: 1000 м2 | D70: =E70/B70 -> 1814.1657 | E70: 1641.82
A71: Осмотр кровли, чердака, подъездов, подвального помещения -подготовка к зиме | B71: 1.565 | C71: 1000 м2 | D71: =E71/B71 -> 1834.345 | E71: 2870.75
A72: Открытие подъездного окна | B72: 0.3 | C72: 10 шт. | D72: =E72/B72 -> 3048.1 | E72: 914.43
A73: Плановые проверки вентиляционных каналов и оголовков | B73: По графику | C73: 1000 м2 | D73: =E73 -> 6346.47 | E73: 6346.47
A74: Приварка накладки | B74: 7 | C74: шт | D74: =E74/B74 -> 885.34857 | E74: 6197.44
A75: Приварка шарнира | B75: 1 | C75: шт | D75: =E75/B75 -> 935.7 | E75: 935.7
A76: Проверка исправности канализационных вытяжек | B76: 20 | C76: 1 кв | D76: =E76/B76 -> 239.5325 | E76: 4790.65
A77: Проверка исправности канализационных вытяжек (по жалобе) | B77: 0.4 | C77: 1000 м2 | D77: =E77/B77 -> 1964.475 | E77: 785.79
A78: Проверка наличия тяги в ДВ и вент. каналах | B78: 0.06 | C78: 1000 м2 | D78: =E78/B78 -> 1958.6667 | E78: 117.52
A79: Прочистка вентиляционных каналов | B79: 0.015 | C79: 100 м | D79: =E79/B79 -> 11787.333 | E79: 176.81
A80: Смена дверных приборов: навесного замка | B80: 0.06 | C80: 100 приборов | D80: =E80/B80 -> 22482.667 | E80: 1348.96
A81: Смена оконных приборов: завертки форточные | B81: 0.06 | C81: 100 шт. | D81: =E81/B81 -> 19130.167 | E81: 1147.81
A82: Смена оконных приборов: задвижки | B82: 0.02 | C82: 100 шт. | D82: =E82/B82 -> 31622.5 | E82: 632.45
A83: Обслуживание и текущий ремонт электрооборудования жилых домов
A84: Обслуживание и текущий ремонт электрооборудования жилых домов | B84: По договору | C84: руб. | D84: =E84 -> 8938.58 | E84: 8938.58
A85: Обслуживание ОДПУ
A86: Техническое обслуживание ОДПУ | B86: По договору | C86: руб. | D86: =E86 -> 21600 | E86: 21600
A87: Расходы на истребование задолженности по оплате жилых помещений
A88: Истребование дебиторской задолженности | B88: По факту | C88: руб. | D88: =E88 -> 1800 | E88: 1800
A89: Текущий ремонт
A90: Устройство оконного блока с окраской и остеклением | B90: По плану | D90: =E90 -> 26171.73 | E90: 26171.73
A91: Замена коррозийных участков газопровода | B91: По плану | C91: шт | D91: =E91 -> 25565.69 | E91: 25565.69
A92: Услуги по управлению МКД
A93: Услуги по управлению МКД | B93: Ежедневно | C93: руб. | D93: =E93 -> 41083.014 | E93: =SUM(E16:E91)*10% -> 41083.014
A94: Итого: | E94: =SUM(E17:E93) -> 451913.15
A97: 2. Всего за период с "01"января 2019 г. по "31"декября 2019 г. выполнено работ на общую сумму 451913.15 руб. (Четыреста пятьдесят одна тысяча девятьсот тринадцать рублей 15 копеек)
A98: 3. Работы (услуги) выполнены (оказаны) полностью, в установленные сроки, с надлежащим качеством.
A99: 4. Претензий по выполнению условий Договора Стороны друг к другу не имеют.
A100: Настоящий акт составлен в 2-х экземплярах, имеющих одинаковую юридическую силу, по одному для каждой из Сторон.
A103: Исполнитель - Директор ООО "ТРЭК", Плотников А.А.
A104: _______________________________________ ____________________________________
D105: (подпись)
A107: Заказчик - ________________________________________ __________________________________
D108: (подпись)

Sheet 2020
A1: Отчет по бюджету № 77/12-2020
A3: Период: с 01.01.2020 по 31.12.2020 года.
A5: ОБЩИЕ СВЕДЕНИЯ ОБ ОБЪЕКТЕ
A6: Этажность | B6: 5 | C6: Общая жилая площадь, м2 | D6: 2947.5 | E6: Площадь кровли, м2 | F6: 961.9
A7: Количество подъездов | B7: 3 | C7: Площадь нежилых помещений, м2 | D7: 0 | E7: Площадь чердаков, м2 | F7: 657.9
A8: Количество квартир | B8: 60 | C8: Площадь л/ клеток, тамбуров, лифтов, м/камер, м2 | D8: 247.6 | E8: Площадь подвалов, м2 | F8: 660.6
A11: Наименование | F11: Значение
A12: Переходящие остатки денежных средств за выполненые работы (на начало периода; + резерв, - долг) | F12: 125259.34
A13: Задолженность по оплате за содержание и текущий ремонт общего имущества МКД (на начало периода) | F13: 104803.36
A14: Начислено за работы (услуги) по содержанию и текущему ремонту и аренду общего имущества МКД, в том числе: | F14: =SUM(F15:F17) -> 473823.45
A15: - за жилые помещения | F15: =489490.38-24786.93+480 -> 465183.45
A16: - за нежилые помещения
A17: - за рекламу и аренду общего имущества МКД | F17: 8640
A18: Получено денежных средств, в т. ч: | F18: =SUM(F19:F22) -> 461734.7
A19: - за жилые помещения | F19: =453358.7+480 -> 453838.7
A20: - за нежилые помещения
A21: - за рекламу и аренду общего имущества МКД | F21: 7896
A22: - субсидия
A23: Всего денежных средств с учетом остатков | F23: =F12+F18 -> 586994.04
A24: Выполненные работы (оказанные услуги) по содержанию общего имущества и текущему ремонту в отчетном периоде | F24: =Лист1!E88 -> 402173.1
A25: Переходящие остатки денежных средств за выполненные работы (на конец периода; + резерв, - долг) | F25: =F23-F24 -> 184820.94
A26: Задолженность по оплате за содержание и текущий ремонт общего имущества МКД (на конец периода) | F26: =F13+F14-F18+F22 -> 116892.11
A28: Директор ООО "ТРЭК" Плотников А.А. __________________
A29: Отчет составил: экономист Осипова М.С. _______________
A30: Отчет получил: ________________________________________________________
A31: Дата __________________

Sheet Лист1
A2: .
B3: АКТ № 77/12
A4: приемки оказанных услуг и (или) выполненных работ по содержанию
A5: и текущему ремонту общего имущества в многоквартирном доме
A6: г. Ангарск | E6: 31 марта 2021 г.
A8: Собственники помещений в многоквартином доме, расположенном по адресу: ________________________ , именуемые в дальнейшем "Заказчик", в лице ___________________________________________________________________________________,
A9: являющегося собственником квартиры № _____, находящейся в данном многоквартирном доме, действующего на основании протокола общего собрания собственников, с одной стороны, и управляющая компания ООО "ТРЭК", именуемая в дальнейшем
A10: "Исполнитель", в лице директора Плотникова А.А., действующего на основании Устава, с другой стороны, совместно именуемые "Стороны", составили настоящий акт о нижеследующем:
A11: 1. Исполнителем предъявлены к приемке следующие оказанные на основании договора управления многоквартирным домом или договора оказания услуг по содержанию и (или) выполнению работ по ремонту общего имущества в многоквартирном
A12: доме, либо договора подряда по выполнению работ по ремонту общего имущества в многоквартирном доме (указать нужное) № _______ от "____" ___________________ ______ г. (далее - "Договор") услуги и (или) выполненные работы по содержанию
A13: и текущему ремонту общего имущества в многоквартирном доме № _____, расположенном по адресу: ______________________:
A15: Наименование вида работы (услуги) | B15: Периодичность / количественный показатель выполненной работы (оказанной услуги) | C15: Единица измерения работы (услуги) | D15: Стоимость / сметная стоимость выполненной работы (оказанной услуги) за единицу | E15: Цена выполненной работы (оказанной услуги), в рублях
A16: Аварийное обслуживание
A17: Аварийное обслуживание | B17: Ежедневно | C17: руб. | D17: 0.13 | E17: 4598.1
A18: Благоустройство и обеспечение санитарного состояния МКД и придомовой територии
A19: Вывоз листвы и смета | B19: По факту | C19: м2 | D19: =E19 -> 233.84 | E19: 233.84
A20: Дезинфекция мест общего пользования МКД | B20: По факту | C20: м2 | D20: =E20 -> 4456.8 | E20: 4456.8
A21: Окраска известковыми составами: по кирпичу и бетону (бордюр. столбики, столбы) | B21: По факту | C21: 100 м2 | D21: =E21 -> 1180.81 | E21: 1180.81
A22: Окраска известковыми составами: по кирпичу и бетону (бордюр. столбики, столбы) за 2019 год | B22: По факту | C22: 100 м2 | D22: =E22 -> 1052.02 | E22: 1052.02
A23: Ремонт мусорного контейнера | B23: 1 | C23: шт | D23: =E23 -> 847.26 | E23: 847.26
A24: Уборка придомовой территории и лестничных клеток | B24: По тарифу | C24: м2 | D24: =E24 -> 139357.8 | E24: 139357.8
A25: Уборка чердаков и подвалов | B25: По тарифу | C25: м2 | D25: =E25 -> 412.48 | E25: 412.48
A26: Вознаграждение председателю совета дома
A27: Вознаграждение председателю совета дома | B27: По факту | C27: руб. | D27: =E27 -> 16510.05 | E27: 16510.05
A28: Дезинсекция и дератизация
A29: Дезинсекция и дератизация | B29: По договору | C29: руб. | D29: =E29 -> 1189.08 | E29: 1189.08
A30: Коммунальные ресурсы на содержание общ. имущества МКД
A31: Коммунальные ресурсы на содержание общего имущества МКД | B31: По факту | C31: руб. | D31: =E31 -> 53955.07 | E31: 53955.07
A32: Обслуживание газового оборудования
A33: Техобслуживание газового оборудования | B33: По договору | C33: 16 стояков | D33: =E33 -> 8628 | E33: 8628
A34: Обслуживание и текущий ремонт инженерного оборудования
A35: Врезка в действующие внутренние сети трубопроводов отопления и водоснобжения д. 15мм | B35: 3 | C35: шт | D35: =E35/B35 -> 1018.4933 | E35: 3055.48
A36: Консервация системы отопления | B36: 1 | C36: 100 м | D36: =E36/B36 -> 724.61 | E36: 724.61
A37: Осмотр кровли,чердака,подъездов,подвала,фасада-после землетр-ия, в т.ч. рем-т выявленных повреждений | B37: По факту | C37: 1000 м2 | D37: =E37 -> 1815.02 | E37: 1815.02
A38: Проверка работ-ти запорной арматуры, устранение мелких неисправностей, проверка работы ПУ РХВ | B38: 0.01 | C38: 100 шт. | D38: =E38/B38 -> 30407 | E38: 304.07
A39: Смена внутренних трубопроводов из стальных труб д. 25 мм | B39: 0.025 | C39: 100 м | D39: =E39/B39 -> 72009.2 | E39: 1800.23
A40: Смена внутренних трубопроводов из стальных труб д. до 32 мм | B40: 0.06 | C40: 100 м | D40: =E40/B40 -> 87752 | E40: 5265.12
A41: Установка манометров | B41: 3 | C41: шт | D41: =E41/B41 -> 751.53 | E41: 2254.59
A42: Установка термометра | B42: 1 | C42: комплект | D42: =E42/B42 -> 307.63 | E42: 307.63
A43: Запуск потока воды: отопление, ГВС, ХВС | B43: 4 | C43: 1 узел | D43: =E43/B43 -> 100.69 | E43: 402.76
A44: Запуск системы отопления. | B44: 1 | C44: 1 здание | D44: =E44/B44 -> 1012.36 | E44: 1012.36
A45: Осмотр подвальных помещений | B45: 0.17 | C45: 1000 м2 | D45: =E45/B45 -> 1813.7059 | E45: 308.33
A46: Осмотр подвальных помещений и выпуска при подпоре | B46: 1 | C46: 1 осмотр | D46: =E46/B46 -> 1107.17 | E46: 1107.17
A47: Осмотр СТО | B47: 0.09 | C47: 100 квартир | D47: =E47/B47 -> 30257.111 | E47: 2723.14
A48: Осмотр СТО в чердачных и подвальных помещениях (весенний и осенний) | B48: 1.56 | C48: 1000 м2 | D48: =E48/B48 -> 2028.2179 | E48: 3164.02
A49: Осмотр, замеры, опломбировка ПУ Т/У с представителем | B49: 0.01 | C49: 100 шт. | D49: =E49/B49 -> 30102 | E49: 301.02
... A56: Подготовка элеваторного узла | B56: 1 | C56: шт | D56: =E56/B56 -> 7183.98 | E56: 7183.98
A57: Промывка трубопровода системы отопления | B57: 1 | C57: 1 здание | D57: =E57 -> 11647.16 | E57: 11647.16
A58: Сдача ИТП представителю энергоснабжающей организации | B58: 1 | C58: 1 ИТП | D58: =E58/B58 -> 868.12 | E58: 868.12
A59: Сдача РХВ представителю водоканала, составление акта | B59: 0.01 | C59: 1 ИТП | D59: =E59/B59 -> 30424 | E59: 304.24
A60: Снятие и запись замера в наряде (ИТП,РХВ) | B60: 34 | C60: 1 ИТП | D60: =E60/B60 -> 300.82206 | E60: 10227.95
A61: Уплотнение сгонов с применением льняной пряди или асбестового шнура (без разборки сгонов) | B61: 1 | C61: 1 соединение | D61: =E61/B61 -> 87.81 | E61: 87.81
A62: Обслуживание и текущий ремонт конструктивных элементов
A63: Обезжиривание металлических поверхностей | B63: 0.093 | C63: 100 м2 | D63: =E63/B63 -> 10527.312 | E63: 979.04
A64: Огрунтовка ранее окрашенных фасадов бетонконтактом | B64: 0.009 | C64: 100 м2 | D64: =E64/B64 -> 8182.2222 | E64: 73.64
A65: Окраска контейнера | B65: 0.093 | C65: 100 м2 | D65: =E65/B65 -> 35282.581 | E65: 3281.28
A66: Осмотр кровли,чердака,подъездов,подвала,фасада-после землетр-ия, в т.ч. рем-т выявленных повреждений | B66: По факту | C66: 1000 м2 | D66: =E66 -> 2426.7 | E66: 2426.7
A67: Очистка поверхностей щетками | B67: 9.28 | C67: м2 | D67: =E67/B67 -> 465.7306 | E67: 4321.98
A68: Приготовление растворов вручную. | B68: 0.094 | C68: 1 м3 | D68: =E68/B68 -> 4961.5957 | E68: 466.39
A69: Ремонт штукатурки гладких фасадов по камню и бетону с земли и лесов. | B69: 0.009 | C69: 100 м2 | D69: =E69/B69 -> 104657.78 | E69: 941.92
A70: Ремонт штукатурки гладких фасадов по камню и бетону с земли и: на каждые следущие 10 мм толщ 61-10-1 | B70: 0.008 | C70: 100 м2 | D70: =E70/B70 -> 150088.75 | E70: 1200.71
A71: Ручная односторонняя сварка деталей контейнера из листовой стали | B71: 0.335 | C71: 10 м | D71: =E71/B71 -> 2934.2985 | E71: 982.99
A72: Осмотр квартир | B72: 0.02 | C72: 100 квартир | D72: =E72/B72 -> 31279 | E72: 625.58
A73: Осмотр кровли, чердака, люков | B73: 0.17 | C73: 1000 м2 | D73: =E73/B73 -> 2069.1176 | E73: 351.75
A74: Осмотр кровли, чердака, подъездов, подвального помещения - весенний осмотр | B74: 1.566 | C74: 1000 м2 | D74: =E74/B74 -> 2021.7944 | E74: 3166.13
A75: Осмотр кровли, чердака, подъездов, подвального помещения -подготовка к зиме | B75: 1.566 | C75: 1000 м2 | D75: =E75/B75 -> 2007.963 | E75: 3144.47
A76: Очистка желобов от мусора: вручную (при расчете 1 кг. мусора = 3 м 1 желоба) | B76: 15 | C76: м | D76: =E76/B76 -> 58.038 | E76: 870.57
A77: Плановые проверки вентиляционных каналов и оголовков | B77: По плану | C77: 1000 м2 | D77: =E77 -> 10218.71 | E77: 10218.71
A78: Смена дверных приборов: навесного замка | B78: 0.01 | C78: 100 приборов | D78: =E78/B78 -> 29670 | E78: 296.7
A79: Укрепление дверных приборов: петли (шарниры), шпингалеты, ручки накладные | B79: 0.01 | C79: 100 шт. | D79: =E79/B79 -> 48064 | E79: 480.64
A80: Обслуживание и текущий ремонт электрооборудования жилых домов
A81: Обслуживание и текущий ремонт электрооборудования жилых домов | B81: По договору | C81: руб. | D81: =E81 -> 8538.06 | E81: 8538.06
A82: Обслуживание ОДПУ
A83: Техническое обслуживание ОДПУ | B83: По договору | C83: руб. | D83: =E83 -> 21600 | E83: 21600
A84: Расходы на истребование задолженности по оплате жилых помещений. Содержание информационных систем
A85: Содержание информационных систем, обеспечивающих сбор, обработку и хранение данных | B85: По факту | C85: руб. | D85: =E85 -> 1591.65 | E85: 1591.65
A86: Услуги по управлению МКД
A87: Услуги по управлению МКД | B87: Ежедневно | C87: руб. | D87: =E87 -> 36561.191 | E87: =SUM(E16:E85)*10% -> 36561.191
A88: Итого: | E88: =SUM(E16:E87) -> 402173.1
A91: 2. Всего за период с "01"января 2020 г. по "31"декабря 2020 г. выполнено работ на общую сумму 402173.10 руб. (Четыреста две тысячи сто семьдесят три рубля 10 копеек)
A92: 3. Работы (услуги) выполнены (оказаны) полностью, в установленные сроки, с надлежащим качеством.
A93: 4. Претензий по выполнению условий Договора Стороны друг к другу не имеют.
A94: Настоящий акт составлен в 2-х экземплярах, имеющих одинаковую юридическую силу, по одному для каждой из Сторон.
A97: Исполнитель - Директор ООО "ТРЭК", Плотников А.А.
A98: _________________________________________ ____________________________________
D99: (подпись)
A101: Заказчик - ________________________________________ __________________________________
D102: (подпись)

Sheet 2021
A1: Отчет по бюджету № 77/12-2021
A3: Период: с 01.01.2021 по 31.12.2021 года.
A5: ОБЩИЕ СВЕДЕНИЯ ОБ ОБЪЕКТЕ
A6: Этажность | B6: 5 | C6: Общая жилая площадь, м2 | D6: 2947.5 | E6: Площадь кровли, м2 | F6: 961.9
A7: Количество подъездов | B7: 3 | C7: Площадь нежилых помещений, м2 | D7: 0 | E7: Площадь чердаков, м2 | F7: 657.9
A8: Количество квартир | B8: 60 | C8: Площадь л/ клеток, тамбуров, лифтов, м/камер, м2 | D8: 247.6 | E8: Площадь подвалов, м2 | F8: 660.6
A11: Наименование | F11: Значение
A12: Переходящие остатки денежных средств за выполненые работы (на начало периода; + резерв, - долг) | F12: 184820.94
A13: Задолженность по оплате за содержание и текущий ремонт общего имущества МКД (на начало периода) | F13: 116892.11
A14: Начислено за работы (услуги) по содержанию и текущему ремонту и аренду общего имущества МКД, в том числе: | F14: =SUM(F15:F17) -> 501733.46
A15: - за жилые помещения | F15: 493093.46
A16: - за нежилые помещения
A17: - за рекламу и аренду общего имущества МКД | F17: 8640
A18: Получено денежных средств, в т. ч: | F18: =SUM(F19:F22) -> 515044.91
A19: - за жилые помещения | F19: 506179.91
A20: - за нежилые помещения
A21: - за рекламу и аренду общего имущества МКД | F21: 8865
A22: - субсидия
A23: Всего денежных средств с учетом остатков | F23: =F12+F18 -> 699865.85
A24: Выполненные работы (оказанные услуги) по содержанию общего имущества и текущему ремонту в отчетном периоде | F24: =акт21!E88 -> 645398.52
A25: Переходящие остатки денежных средств за выполненные работы (на конец периода; + резерв, - долг) | F25: =F23-F24+0.01 -> 54467.334
A26: Задолженность по оплате за содержание и текущий ремонт общего имущества МКД (на конец периода) | F26: =F13+F14-F18+F22 -> 103580.66
A28: Директор ООО "ТРЭК" Плотников А.А. __________________
A29: Отчет составил: экономист _______________
A30: Отчет получил: ________________________________________________________
A31: Дата __________________

Sheet акт21
A2: .
A3: АКТ № 77/12
A4: приемки оказанных услуг и (или) выполненных работ по содержанию
A5: и текущему ремонту общего имущества в многоквартирном доме
A6: г. Ангарск | E6: 30 марта 2022 г.
A8: Собственники помещений в многоквартином доме, расположенном по адресу: ________________________ , именуемые в дальнейшем "Заказчик", в лице ___________________________________________________________________________________,
A9: являющегося собственником квартиры № _____, находящейся в данном многоквартирном доме, действующего на основании протокола общего собрания собственников, с одной стороны, и управляющая компания ООО "ТРЭК", именуемая в дальнейшем
A10: "Исполнитель", в лице директора Плотникова А.А., действующего на основании Устава, с другой стороны, совместно именуемые "Стороны", составили настоящий акт о нижеследующем:
A11: 1. Исполнителем предъявлены к приемке следующие оказанные на основании договора управления многоквартирным домом или договора оказания услуг по содержанию и (или) выполнению работ по ремонту общего имущества в многоквартирном
A12: доме, либо договора подряда по выполнению работ по ремонту общего имущества в многоквартирном доме (указать нужное) № _______ от "____" ___________________ ______ г. (далее - "Договор") услуги и (или) выполненные работы по содержанию
A13: и текущему ремонту общего имущества в многоквартирном доме № _____, расположенном по адресу: ______________________:
A15: Наименование вида работы (услуги) | B15: Периодичность / количественный показатель выполненной работы (оказанной услуги) | C15: Единица измерения работы (услуги) | D15: Стоимость / сметная стоимость выполненной работы (оказанной услуги) за единицу | E15: Цена выполненной работы (оказанной услуги), в рублях
A16: Аварийное обслуживание
A17: Аварийное обслуживание | B17: Ежедневно | C17: руб. | D17: 0.14 | E17: 4951.8
A18: Благоустройство и обеспечение санитарного состояния МКД и придомовой територии
A19: Вырезка сухих ветвей деревьев лиственных пород диаметр: до 350 мм при кол-ве срезанных ветвей до 5 | B19: 1 | C19: 1 дерево | D19: =E19/B19 -> 774.89 | E19: 774.89
A20: Услуги по вывозу и утилизации листвы, веток, деревьев, скошенной травы , смета и др. | B20: По факту | C20: руб. | D20: =E20 -> 791.65 | E20: 791.65
A21: Уборка придомовой территории и лестничных клеток | B21: По тарифу | C21: м2 | D21: =E21 -> 141480 | E21: 141480
A22: Услуги спец.техники по благоустройству (очистка наледи, снега) | B22: По факту | C22: руб. | D22: =E22 -> 6663.09 | E22: =5250+1413.09 -> 6663.09
A23: Окраска известковыми составами: по кирпичу и бетону (бордюр. столбики, столбы) | B23: По факту | C23: 100 м2 | D23: =E23 -> 1180.81 | E23: 1180.81
A24: Услуги спец.техники по благоустройству (очистка наледи, снега) | B24: По факту | C24: руб. | D24: =E24 -> 4500 | E24: 4500
A25: Вознаграждение председателю совета дома
A26: Вознаграждение председателю совета дома | B26: По тарифу | C26: руб. | D26: =E26 -> 17358.64 | E26: 17358.64
A27: Изготовление ключей
A28: Изготовление ключей | B28: По факту | C28: шт | D28: =E28 -> 300 | E28: 300
A29: Коммунальные ресурсы на содержание общ. имущества МКД
A30: Коммунальные ресурсы на содержание общего имущества МКД | B30: По факту | C30: руб. | D30: =E30 -> 24725.9 | E30: 24725.9
A31: Обслуживание и текущий ремонт инженерного оборудования
A32: Подчеканка раструбов канализационных труб диаметром: 101-125 мм | B32: 1 | C32: шт | D32: =E32/B32 -> 472.43 | E32: 472.43
A33: Приварка накладки | B33: 1 | C33: шт | D33: =E33/B33 -> 922.95 | E33: 922.95
A34: Смена внутренних трубопроводов из стальных труб д. 20 мм | B34: 0.03 | C34: 100 м | D34: =E34/B34 -> 79573.333 | E34: 2387.2
A35: Смена внутренних трубопроводов из стальных труб д. до 15мм | B35: 0.015 | C35: 100 м | D35: =E35/B35 -> 54268.667 | E35: 814.03
A36: Смена внутренних трубопроводов из стальных труб д. до 25 мм | B36: 0.075 | C36: 100 м | D36: =E36/B36 -> 72282.667 | E36: 5421.2
A37: Запуск потока воды: отопление, ГВС, ХВС | B37: 6 | C37: 1 узел | D37: =E37/B37 -> 97.916667 | E37: 587.5
A38: Запуск системы отопления. | B38: 1 | C38: 1 здание | D38: =E38/B38 -> 1005.22 | E38: 1005.22
A39: Опрессовка ТУ диаметром: до 100 мм | B39: 1 | C39: 100 м | D39: =E39/B39 -> 961.8 | E39: 961.8
A40: Осмотр и устранение мелких неисправностей на РХВ | B40: 1 | C40: шт | D40: =E40/B40 -> 149.54 | E40: 149.54
A41: Осмотр подъездов, подвального помещения чердачного помещения | B41: 0.1 | C41: 1000 м2 | D41: =E41/B41 -> 4020.4 | E41: 402.04
A42: Осмотр СТО | B42: 0.09 | C42: 100 квартир | D42: =E42/B42 -> 30219.667 | E42: 2719.77
A43: Осмотр СТО в ИТП, РХВ | B43: 0.02 | C43: 100 шт. | D43: =E43/B43 -> 30080.5 | E43: 601.61
A44: Осмотр СТО в чердачных и подвальных помещениях (весенний и осенний) | B44: =2*1.566 -> 3.132 | C44: 1000 м2 | D44: =E44/B44 -> 1811.8135 | E44: =2*2837.3 -> 5674.6
A45: Осмотр СТО в чердачных и подвальных помещениях ФКР | B45: 1.566 | C45: 1000 м2 | D45: =E45/B45 -> 1915.0447 | E45: 2998.96
A46: Осмотр, проверка работы приборов ИТП, РХВ | B46: 3 | C46: шт | D46: =E46/B46 -> 336.04 | E46: 1008.12
A47: Отключение системы отопления | B47: 1 | C47: 1 здание | D47: =E47/B47 -> 611.75 | E47: 611.75
A48: Очистка канализационной сети: внутренней | B48: 0.52 | C48: 100 м | D48: =E48/B48 -> 17211.865 | E48: 8950.17
A49: Перевод отопления с подачи на обратку или с обратки на подачу | B49: 4 | C49: узел | D49: =E49/B49 -> 253.1425 | E49: 1012.57
A50: Перекрытие потока воды: отопление, ГВС, ХВС | B50: 6 | C50: 1 узел | D50: =E50/B50 -> 78.37 | E50: 470.22
A51: Подготовка элеваторного узла | B51: 1 | C51: шт | D51: =E51/B51 -> 7368.26 | E51: 7368.26
A52: Промывка трубопровода системы отопления | B52: 1 | C52: 1 здание | D52: =E52/B52 -> 10936.37 | E52: 10936.37
A53: Сдача ИТП представителю энергоснабжающей организации | B53: 1 | C53: 1 ИТП | D53: =E53/B53 -> 857.06 | E53: 857.06
A54: Сдача РХВ представителю водоканала, составление акта | B54: 1 | C54: 1 ИТП | D54: =E54/B54 -> 598.84 | E54: 598.84
A55: Снятие и запись замера в наряде (ИТП,РХВ) | B55: 37 | C55: 1 ИТП | D55: =E55/B55 -> 302.36784 | E55: 11187.61
A56: Обслуживание и текущий ремонт конструктивных элементов
A57: Окраска масляными составами по дереву: доски объявления | B57: 0.015 | C57: 100 м2 | D57: =E57/B57 -> 33377.333 | E57: 500.66
A58: Разборка обшивки:неоштукатуренных деревянных коробов | B58: 0.005 | C58: 100 м2 | D58: =E58/B58 -> 6328 | E58: 31.64
A59: Ремонт штукатурки откосов внутри здания по камню и бетону цем-извест раствором: прямолинейных | B59: 0.057 | C59: 100 м2 | D59: =E59/B59 -> 227356.84 | E59: 12959.34
A60: Укрепление металлических антенн | B60: 1 | C60: шт | D60: =E60/B60 -> 836.6 | E60: 836.6
A61: Установка доски объявлений - б/у | B61: 0.02 | C61: 100 шт. | D61: =E61/B61 -> 42799 | E61: 855.98
A62: Установка досок объявлений с изготовлением | B62: 0.03 | C62: 100 шт. | D62: =E62/B62 -> 53100 | E62: 1593
A63: Установка перегородок: дощатых однослойных коробов | B63: 0.005 | C63: 100 м2 | D63: =E63/B63 -> 67540 | E63: 337.7
A64: Осмотр кровли, чердака, подъездов, подвального помещения - весенний осмотр | B64: 1.566 | C64: 1000 м2 | D64: =E64/B64 -> 2011.9221 | E64: 3150.67
A65: Осмотр кровли, чердака, подъездов, подвального помещения - осенний осмотр | B65: 1.566 | C65: 1000 м2 | D65: =E65/B65 -> 2013.7995 | E65: 3153.61
A66: Осмотр оголовков вент. каналов с целью предотвращения закупорки в зимнее время с записью в спец. жур | B66: =2*1.924 -> 3.848 | C66: 1000 м2 | D66: =E66/B66 -> 1831.1331 | E66: =2*3523.1 -> 7046.2
A67: Очистка кровли от снега, сбивание сосулей вышка | B67: 30 | C67: 1 м 1 основания | D67: =E67/B67 -> 117.364 | E67: 3520.92
A68: Проверка исправности вент. каналов, правильного расположения оголовков относ. крыши и наличия тяги | B68: 1.619 | C68: 1000 м2 | D68: =E68/B68 -> 1951.1242 | E68: 3158.87
A69: Смена дверных приборов: навесного замка | B69: 0.01 | C69: 100 приборов | D69: =E69/B69 -> 34807 | E69: 348.07
A70: Покрытие поверхностей грунтовкой глубокого проникновения: за 1 раз стен | B70: 0.225 | C70: 100 м2 | D70: =E70/B70 -> 10569.644 | E70: 2378.17
A71: Шпатлевка стен по штукатурке | B71: 0.225 | C71: 100 м2 | D71: =E71/B71 -> 8205.5111 | E71: 1846.24
A72: Обслуживание и текущий ремонт электрооборудования жилых домов
A73: Обслуживание и текущий ремонт электрооборудования жилых домов | B73: По договору | C73: руб. | D73: =E73 -> 16491.22 | E73: 16491.22
A74: Обслуживание газового оборудования
A75: Техобслуживание газового оборудования | B75: По договору | C75: 16 стояков | D75: =E75 -> 7965 | E75: 7965
A76: Обслуживание ОДПУ
A77: Техническое обслуживание ОДПУ | B77: По договору | C77: руб. | D77: =E77 -> 21600 | E77: 21600
A78: Расходы на истребование задолженности по оплате жилых помещений. Содержание информационных систем
A79: Истребование дебиторской задолженности | B79: По факту | C79: руб. | D79: =E79 -> 1441.99 | E79: 1441.99 | F79: =SUM(E17:E82) -> 586725.93 | G79: 568021.65
A80: Содержание информационных систем, обеспечивающих сбор, обработку и хранение данных | B80: По факту | C80: руб. | D80: =E80 -> 1603.45 | E80: 1603.45
A81: Текущий ремонт
A82: Замена окон | B82: По плану | C82: шт | D82: =E82 -> 225060 | E82: 225060
A83: Услуги по управлению МКД
A84: Услуги по управлению МКД | B84: Ежедневно | C84: руб. | D84: =E84 -> 58672.593 | E84: =SUM(E17:E82)*10% -> 58672.593
A85: Итого: | E85: =F79+E84 -> 645398.52
A88: 2. Всего за период с "01"января 2021 г. по "31"декабря 2021 г. выполнено работ на общую сумму | E88: =E85 -> 645398.52
A89: =[1]!Сумма_прописью(E88) -> Шестьсот сорок пять тысяч триста девяносто восемь рублей 52 копейки.
A90: 3. Работы (услуги) выполнены (оказаны) полностью, в установленные сроки, с надлежащим качеством.
A91: 4. Претензий по выполнению условий Договора Стороны друг к другу не имеют.
A92: Настоящий акт составлен в 2-х экземплярах, имеющих одинаковую юридическую силу, по одному для каждой из Сторон.
A94: Подписи Сторон:
A95: Исполнитель - Директор ООО "ТРЭК", Плотников А.А.
A96: ____________________________________________________ ____________________________________
D97: (подпись)
A99: Заказчик - ________________________________________ __________________________________
D100: (подпись)
